 Dungeon Crawl Stone Soup version 0.31.0-12-g77e489cdc1 (webtiles) character file.

Game seed: 5401684781924037829

1002 Silvore the Chopper (level 8, -11/60 (69) HPs)
             Began as a Minotaur Fighter on Feb 22, 2024.
             Killed from afar by Dowan (15 damage)
             ... with a shard of ice
             ... on level 5 of the Dungeon.
             The game lasted 00:03:57 (3840 turns).

Silvore the Chopper (Minotaur Fighter)              Turns: 3840, Time: 00:03:58

HP:   -11/60 (69)   AC: 11    Str: 23    XL:     8   Next: 0%
MP:   0/7           EV: 10    Int:  5    God:
Gold: 230           SH:  5    Dex: 10    Spells: 7/7 levels left

rFire   . . .        a - +0 war axe (vamp)
rCold   . . .        c - +0 buckler
rNeg    . . .        u - +0 scale mail {Will+}
rPois   .            (helmet restricted)
rElec   .            (no cloak)
rCorr   .            (no gloves)
SInv    .            q - +2 pair of boots
Will    +....        n - amulet of guardian spirit Stlth
                     (no ring)
HPRegen 0.30/turn    (no ring)
MPRegen 0.10/turn

%: guardian spirit
@: mighty, heavily drained
A: horns 2, retaliatory headbutt
a: no special abilities


You were on level 5 of the Dungeon.
You visited 1 branch of the dungeon, and saw 5 of its levels.

You collected 230 gold pieces.

Inventory:

Hand Weapons
 a - a +0 vampiric war axe (weapon)
Armour
 b - a +0 scale mail
 c - a +0 buckler (worn)
 m - a +0 pair of boots
 q - a +2 pair of boots (worn)
 u - a +0 scale mail of willpower (worn)
Jewellery
 n - an amulet of guardian spirit (around neck)
Scrolls
 j - 2 scrolls of vulnerability
 k - a scroll of poison
 l - 2 scrolls of teleportation
 p - 2 scrolls of blinking
 r - a scroll of identify
Potions
 d - 3 potions of might
 e - 4 potions of enlightenment
 f - a potion of magic {unknown}
 g - a potion of degeneration {unknown}
 h - 3 potions of ambrosia
 i - 2 potions of attraction
 o - a potion of cancellation {unknown}
 s - a potion of mutation {unknown}
 v - a potion of resistance {unknown}


   Skills:
 + Level 5.4 Fighting
 + Level 7.4 Axes
 + Level 6.5 Armour
 + Level 2.2 Dodging
 + Level 1.1 Stealth
 + Level 5.1 Shields


You had 7 spell levels left.
You didn't know any spells.
Your spell library contained the following spells:

 Spells                   Type           Power      Damage    Failure   Level
 Apportation              Tloc           0%         N/A       83%         1
 Jinxbite                 Hex            0%         N/A       92%         2
 Alistair's Intoxication  Alch           0%         N/A       100%        5


Dungeon Overview and Level Annotations

Branches:
Dungeon (5/15)
 Temple: D:4-7

Altars:
Cheibriados
Trog
Wu Jian
Xom

Shops:
D:4 :*

Annotations:
D:5 Dowan


Innate Abilities, Weirdness & Mutations

You have a pair of horns on your head.
You reflexively headbutt those who attack you in melee.


Message History

Dowan mumbles some strange words.
Dowan blinks!
You start resting.
Dowan is nearby!
Found a glowing blue potion.
You block Dowan's attack.
You closely miss Dowan. Your headbutt misses Dowan.
Dowan gestures wildly while chanting.
Dowan blinks!
Dowan casts a spell.
Dowan blinks!
Dowan gestures wildly while chanting.
Dowan blinks!
Dowan gestures wildly while chanting.
Dowan blinks!
Dowan hits you but does no damage.
You feel drained.
You closely miss Dowan.
Dowan hits you with a +4 dagger of draining.
* * * LOW HITPOINT WARNING * * *
You feel drained.
* * * LOW HITPOINT WARNING * * *
Dowan breathes, "And she was my only..."
Dowan hits you with a +4 dagger of draining.
* * * LOW HITPOINT WARNING * * *
You feel drained.
* * * LOW HITPOINT WARNING * * *
You completely miss Dowan.
Dowan breathes, "And she was my only..."
Dowan hits you but does no damage.
You feel drained.
Dowan hits you with a +4 dagger of draining.
* * * LOW HITPOINT WARNING * * *
You feel drained.
Unknown command.
You slice Dowan!! Your headbutt misses Dowan.
Dowan is severely wounded.
Dowan says, "Magic will overcome all!"
Dowan closely misses you.
Dowan points at you and mumbles some strange words.
The shard of ice hits you!
You die...

##.......# #........#
#........# #........#
#........#
#.....###########
#.........).e....
######e##########
####@# #....####### #
#.##.......# #
#..........# #.. #
####.......# ...#
#.....#.#########...#
#.###.#..............
#.# #.#########...♣♣.
#.# #.# #.....♣..♣.


You could see Dowan (fast).

Vanquished Creatures
  Grinder (D:5)
  Edmund (D:4)
  The ghost of jimmypageman the Shield-Bearer, an amateur GrFi (D:3)
  Duvessa (D:5)
  A bullfrog (D:3)
  2 bombardier beetles
  A sleepcap (D:5)
  2 hounds
  3 iguanas
  2 orc wizards (D:4)
  4 adders
  3 dart slugs
  2 ribbon worms
  5 orcs
  13 endoplasms
  3 giant cockroaches
  8 goblins
  9 hobgoblins
  3 quokkas (D:4)
  7 ball pythons
  2 bats
  4 frilled lizards
  7 kobolds
  6 rats
91 creatures vanquished.

Notes
Turn   | Place    | Note
-------+----------+-------------------------------------------
     0 | D:1      | Silvore the Minotaur Fighter began the quest for the Orb.
     0 | D:1      | Reached XP level 1. HP: 19/19 MP: 0/0
   256 | D:1      | Reached XP level 2. HP: 27/27 MP: 1/1
   286 | D:1      | Found a faded altar of an unknown god.
   618 | D:1      | Reached XP level 3. HP: 33/33 MP: 2/2
  1132 | D:2      | Found a shimmering altar of Xom.
  1135 | D:2      | Reached skill level 3 in Axes
  2123 | D:3      | Found a runed translucent gate.
  2123 | D:3      | Found a runed translucent gate.
  2125 | D:3      | Found a runed translucent gate.
  2126 | D:3      | Noticed jimmypageman's ghost (amateur GrFi)
  2139 | D:3      | Killed jimmypageman's ghost
  2140 | D:3      | Reached skill level 4 in Axes
  2140 | D:3      | Reached XP level 4. HP: 6/41 MP: 1/3
  2140 | D:3      | Reached XP level 5. HP: 7/47 MP: 1/4
  2444 | D:3      | Reached skill level 5 in Axes
  2727 | D:4      | Reached skill level 5 in Armour
  2772 | D:4      | Reached XP level 6. HP: 53/53 MP: 5/5
  2825 | D:4      | Found Casah's Vocational Training.
  2840 | D:4      | Reached skill level 1 in Dodging
  2991 | D:4      | Noticed Edmund
  3007 | D:4      | Killed Edmund
  3008 | D:4      | Reached skill level 6 in Axes
  3008 | D:4      | Reached skill level 1 in Stealth
  3084 | D:4      | Reached skill level 5 in Fighting
  3084 | D:4      | Found a snail-covered altar of Cheibriados.
  3230 | D:4      | Reached XP level 7. HP: 56/61 MP: 4/6
  3249 | D:4      | Found Butug Jur's General Store.
  3414 | D:5      | Entered Level 5 of the Dungeon
  3467 | D:5      | Found an ornate altar of the Wu Jian Council.
  3532 | D:5      | Found a bloodstained altar of Trog.
  3581 | D:5      | Identified the +10 dagger of Voasooroz {flame, rN+ Will+
                  | Stlth+}
  3638 | D:5      | Noticed Grinder
  3654 | D:5      | Killed Grinder
  3655 | D:5      | Reached skill level 7 in Axes
  3793 | D:5      | Noticed Duvessa
  3798 | D:5      | Noticed Dowan
  3799 | D:5      | Reached skill level 5 in Shields
  3806 | D:5      | Killed Duvessa
  3807 | D:5      | Reached XP level 8. HP: 46/69 MP: 5/7
  3840 | D:5      | Killed from afar by Dowan

Illustrated notes

Levels and vault maps discovered:
D:1:      dpeg_cavernosity, layout_basic,
          hellmonk_ecumenical_altar_defaced_shrine
D:2:      layout_loops_ring, basic_altar, dreamdust_princess_bridge
D:3:      layout_loops_cross, ebering_ghost_rock_garden
D:4:      layout_basic, mainiacjoe_overflow_chevrons, serial_shops,
          nicolae_shop_rolling_square, grunt_decor_cap, nicolae_shop_vocational,
          uniq_edmund
D:5:      layout_basic, mainiacjoe_overflow_small_starburst,
          nicolae_gozag_seed_capital, mainiacjoe_overflow_alcove_1,
          uniq_grinder, uniq_duvessa

Skill      XL: |  1  2  3  4  5  6  7 |
---------------+----------------------+-----
Armour         | 4 5 6 |  6.5
Shields        | 4 5 |  5.1
Fighting       | 4 5 |  5.4
Axes           | 4 5 6 7 |  7.4
Dodging        | 1 2 |  2.2
Stealth        | 1 |  1.1

Action                     |  1- 3 |  4- 6 |  7- 9 || total
---------------------------+-------+-------+-------++-------
  Melee: War axe           |   104 |    79 |    57 ||   240
         Headbutt          |     8 |    12 |     7 ||    27
    Use: Scroll            |     7 |       |     4 ||    11
         Potion            |     1 |       |     1 ||     2
 Armour: Scale mail        |    62 |    49 |    37 ||   148
  Dodge: Dodged            |    33 |    30 |    25 ||    88
  Block: Buckler           |    23 |    18 |    11 ||    52
